 Dungeon Crawl Stone Soup version 0.19-a0-1456-gc747e27 (webtiles) character file.

2127 RonnieColeman the Magician (level 9, -5/57 HPs)
             Began as an Octopode Conjurer on Sept 6, 2016.
             Was a Follower of Kikubaaqudgha.
             Splashed by a jelly's acid (6 damage)
             ... on level 7 of the Dungeon.
             The game lasted 00:15:05 (8004 turns).

RonnieColeman the Magician (Octopode Conjurer)      Turns: 8004, Time: 00:15:06

Health: -5/57      AC: -11   Str:  8    XL:     9   Next: 29%
Magic:  19/19      EV: 13    Int: 20    God:    Kikubaaqudgha [*.....]
Gold:   297        SH:  0    Dex: 12    Spells: 5 memorised, 6 levels left

rFire  . . .     SeeInvis .     F - +3 short sword (freeze)
rCold  . . .     Gourm    .     (no shield)
rNeg   . . .     Faith    .     (helmet restricted)
rPois  .         Spirit   .     (no amulet)
rElec  .         Dismiss  .     A - ring of wizardry
rCorr  .         Reflect  .     (no ring)
MR     .....     Harm     .     (no ring)
Stlth  +++.......               (no ring)
                                (no ring)
                                (no ring)
                                (no ring)
                                (no ring)

@: corroded, starving
A: almost no armour, stealthy swim, amphibious, 8 rings, constrict 8, camouflage
1, gelatinous body 1
a: Receive Corpses, Renounce Religion


You were on level 7 of the Dungeon.
You worshipped Kikubaaqudgha.
Kikubaaqudgha was aware of your devotion.
You were starving.

You visited 2 branches of the dungeon, and saw 8 of its levels.

You collected 297 gold pieces.

Inventory:

Hand Weapons
 d - a +0 short sword
 F - a +3 short sword of freezing (weapon)
Armour
 p - a +0 buckler
Jewellery
 A - a ring of wizardry (left tentacle)
Wands
 x - a wand of disintegration (22/24)
Scrolls
 e - 5 scrolls of fear
 f - 2 scrolls of blinking {unknown}
 g - a scroll of enchant armour {unknown}
 j - 2 scrolls of enchant weapon {unknown}
 k - 2 scrolls of recharging {unknown}
 m - 8 scrolls of identify {unknown}
 o - 2 scrolls of magic mapping {unknown}
 r - a scroll of noise {unknown}
 v - 2 scrolls of amnesia {unknown}
 y - 5 scrolls of remove curse {unknown}
Potions
 h - 5 potions of ambrosia {unknown}
 i - 3 potions of curing {unknown}
 l - 3 potions of agility {unknown}
 n - 2 potions of haste {unknown}
 q - 2 potions of lignification {unknown}
 s - 2 potions of might {unknown}
 u - 4 potions of flight {unknown}
 w - a potion of cure mutation {unknown}
 B - a potion of heal wounds {unknown}
 E - a potion of mutation {unknown}
Books
 a - a book of Conjurations

   Spells                             Type                      Level
   a - Magic Dart                     Conjuration                  1
   b - Searing Ray                    Conjuration                  2
   c - Dazzling Spray                 Conjuration/Hexes            3
   d - Fulminant Prism                Conjuration/Hexes            4
   e - Iskenderun's Mystic Blast      Conjuration                  4
   f - Iskenderun's Battlesphere      Conjuration/Charms           5
 z - a book of Necromancy

   Spells                             Type                      Level
   a - Pain                           Necromancy                   1
   b - Animate Skeleton               Necromancy                   1
   c - Vampiric Draining              Necromancy                   3
   d - Regeneration                   Charms/Necromancy            3
   e - Animate Dead                   Necromancy                   4
   f - Control Undead                 Necromancy                   4
 C - a book of Maledictions

   Spells                             Type                      Level
   a - Corona                         Hexes                        1
   b - Ensorcelled Hibernation        Hexes/Ice                    2
   c - Confuse                        Hexes                        3
   d - Tukima's Dance                 Hexes                        3
   e - Dazzling Spray                 Conjuration/Hexes            3
 D - Kikubaaqudgha's Grimoire of Black Magic
   (Kikubaaqudgha gifted it to you on level 6 of the Dungeon)

   Spells                             Type                      Level
   a - Pain                           Necromancy                   1
   b - Corpse Rot                     Necromancy                   2
   c - Sublimation of Blood           Necromancy                   2
   d - Vampiric Draining              Necromancy                   3
   e - Control Undead                 Necromancy                   4
Comestibles
 b - 10 bread rations
 c - 6 meat rations
 t - 2 fruits


   Skills:
 + Level 3.2 Fighting
 - Level 2.0 Dodging
 - Level 2.6 Stealth
 * Level 4.4 Shields
 * Level 6.8 Spellcasting
 + Level 6.8 Conjurations
 * Level 5.0 Charms


You had 6 spell levels left.
You knew the following spells:

 Your Spells              Type           Power        Failure   Level  Hunger
a - Magic Dart            Conj           ####         1%          1    None
b - Iskenderun's Battles  Conj/Chrm      ####....     10%         5    #####..
c - Iskenderun's Mystic   Conj           ####....     3%          4    ###....
m - Sublimation of Blood  Necr           #.........   7%          2    None
n - Regeneration          Chrm/Necr      ###.......   4%          3    #......


Dungeon Overview and Level Annotations

Branches:
Dungeon (7/15)             Temple (1/1) D:5

Altars:
Ashenzari
Cheibriados
Dithmenos
Elyvilon
Fedhas
Gozag
Kikubaaqudgha
Nemelex Xobeh
Okawaru
Qazlal
Sif Muna
Trog
Uskayaw
Xom
Yredelemnul
Zin
The Shining One

Shops:
D:7 (

Annotations:
D:7 Dowan, Duvessa


Innate Abilities, Weirdness & Mutations

You cannot wear most types of armour.
You are very stealthy in the water.
You are amphibious.
You can wear up to eight rings at the same time.
You can use your tentacles to constrict eight enemies at once.
Your skin changes colour to match your surroundings (Stealth+).
Your rubbery body absorbs attacks. (AC +1, EV +1)


Message History

The jelly is almost dead.
The jelly hits you.
You are splashed with acid!
The acid corrodes you!
The acid burns!
You hit the jelly but do no damage. The acid corrodes you!
Your tentacles burn!
The jelly is almost dead.
The jelly misses you.
You completely miss the jelly.
The jelly is almost dead.
The jelly hits you.
* * * LOW HITPOINT WARNING * * *
You are splashed with acid!
The acid burns!
* * * LOW HITPOINT WARNING * * *
You hit the jelly but do no damage. The acid corrodes you!
Your tentacles burn!
* * * LOW HITPOINT WARNING * * *
The jelly is almost dead.
The jelly hits you.
* * * LOW HITPOINT WARNING * * *
You are splashed with acid!
The acid burns!
You die...
Kikubaaqudgha rasps: "You have failed me!
Welcome... death!"

... #.# #.# ... #.#
#.# #J# . #@# . #.#
..
##.##############.#
##.................#
#.....##########.###
##..?## ######.###
#...# #.........
....#.# #.####.##.
####...# # #..##.


You could see a jelly.

Vanquished Creatures
  The ghost of PurpleRed the Destroyer, a novice DECj of Vehumet (D:6)
  Grinder (D:3)
  A spriggan (D:7)
  A hippogriff (D:7)
  A water moccasin (D:6)
  A sky beast (D:6)
  An ogre (D:6)
  3 giant frogs
  A wight (D:7)
  A giant frog zombie (D:6)
  A crimson imp (D:5)
  A quasit (D:6)
  3 giant frog skeletons
  2 orc wizards
  3 orc priests (D:6)
  4 hounds
  Crazy Yiuf (D:2)
  Jessica (D:2)
  An iguana (D:5)
  Terence (D:2)
  Natasha (D:3)
  3 worker ants
  Ijyb (D:2)
  5 adders
  8 gnolls
  A shadow imp (D:5)
  3 oozes (D:3)
  2 adder skeletons
  3 worms
  2 dart slugs (D:3)
  3 giant geckos
  20 orcs
  5 bats
  2 giant cockroaches
  4 goblins
  3 hobgoblins
  5 quokkas
  2 ball pythons
  2 giant newts (D:3)
  14 kobolds
  10 rats
  A bush (D:1)
130 creatures vanquished.

Notes
Turn   | Place    | Note
-------+----------+-------------------------------------------
     0 | D:1      | RonnieColeman the Octopode Conjurer began the quest for the Orb.
     0 | D:1      | Reached XP level 1. HP: 11/11 MP: 3/3
   567 | D:1      | Reached XP level 2. HP: 17/17 MP: 5/5
  1204 | D:2      | Found a stormy altar of Qazlal.
  1842 | D:2      | Reached XP level 3. HP: 21/21 MP: 0/7
  1874 | D:2      | Noticed Terence
  1891 | D:2      | Killed Terence
  1904 | D:2      | Noticed Jessica
  1954 | D:2      | HP: 1/21 [Jessica (5)]
  1956 | D:2      | Killed Jessica
  1956 | D:2      | Reached XP level 4. HP: 1/27 MP: 9/9
  2356 | D:2      | Found a runed door.
  2502 | D:2      | Learned a level 4 spell: Iskenderun's Mystic Blast
  2502 | D:2      | Noticed Crazy Yiuf
  2589 | D:2      | Killed Crazy Yiuf
  2722 | D:3      | Reached XP level 5. HP: 14/31 MP: 6/10
  2723 | D:3      | Noticed Ijyb
  2917 | D:2      | Killed Ijyb
  2931 | D:3      | Noticed Grinder
  2981 | D:3      | Reached skill level 5 in Conjurations
  3071 | D:3      | Noticed Natasha
  3146 | D:3      | Killed Natasha
  3260 | D:3      | Learned a level 5 spell: Iskenderun's Battlesphere
  3308 | D:3      | Reached XP level 6. HP: 35/36 MP: 1/12
  3368 | D:4      | Found a bloodstained altar of Trog.
  3903 | D:4      | Reached skill level 5 in Spellcasting
  4210 | D:3      | Paralysed by Grinder for 3 turns
  4215 | D:3      | Killed Grinder
  4215 | D:3      | Reached skill level 1 in Fighting
  4215 | D:3      | Reached skill level 1 in Charms
  4215 | D:3      | Reached XP level 7. HP: 43/43 MP: 0/15
  4820 | D:4      | Reached skill level 1 in Shields
  4942 | D:5      | Entered Level 5 of the Dungeon
  5129 | D:5      | Found a staircase to the Ecumenical Temple.
  5140 | Temple   | Entered the Ecumenical Temple
  5214 | Temple   | Became a worshipper of Kikubaaqudgha
  5246 | D:5      | Found a glowing silver altar of Zin.
  5328 | D:5      | Reached XP level 8. HP: 22/50 MP: 1/16
  6161 | D:5      | Found a basalt altar of Yredelemnul.
  6664 | D:6      | Found a white marble altar of Elyvilon.
  6813 | D:6      | Noticed PurpleRed's ghost (novice DECj)
  6819 | D:6      | Killed PurpleRed's ghost
  7011 | D:5      | Learned a level 3 spell: Regeneration
  7145 | D:6      | Reached XP level 9. HP: 43/55 MP: 8/18
  7174 | D:6      | Reached * piety under Kikubaaqudgha
  7174 | D:6      | Identified Kikubaaqudgha's Grimoire of Black Magic (Kikubaaqudgha gifted it to you on level 6 of the Dungeon)
  7174 | D:6      | Received a gift from Kikubaaqudgha
  7179 | D:6      | Learned a level 2 spell: Sublimation of Blood
  7642 | D:7      | Found Fymmyen's Antique Weapon Emporium.
  7718 | D:7      | Noticed Duvessa
  7718 | D:7      | Noticed Dowan
  7741 | D:7      | Reached skill level 5 in Charms
  7940 | D:7      | Found a blossoming altar of Fedhas.
  8004 | D:7      | HP: 1/57 [jelly (3)]
  8004 | D:7      | Splashed by a jelly's acid

Vault maps used:
D:1:      onia_arrival_mini_maze, dk_noncrumbling_2, lexackson_kobold_supper
D:2:      nicolae_overflow_crystal_walls, first_bread, uniq_jessica,
          uniq_terence, uniq_crazy_yiuf_cottage
D:3:      uniq_iyjb, uniq_natasha, uniq_grinder
D:4:      lemuel_doored_altar, kennysheep_pointless_box
D:5:      overflow_temple_1_default, kennysheep_mini_moat
D:6:      kennysheep_little_box
D:7:      serial_shops, nicolae_shop_behind_doors, hangedman_decor_growths,
          the_bakery, fedhas_altar_4, uniq_duvessa, uniq_joseph
Temple:   nicolae_temple_hex_pool

Skill      XL: |  1  2  3  4  5  6  7  8  9 |
---------------+----------------------------+-----
Spellcasting   | 3 4 5 6 |  6.8
Conjurations   | 5 6 |  6.8
Fighting       | 1 2 3 |  3.2
Charms         | 1 2 4 5 |  5.0
Shields        | 2 3 4 |  4.4
Dodging        | |  2.0
Stealth        | |  2.6

Action                   |  1- 3 |  4- 6 |  7- 9 || total
-------------------------+-------+-------+-------++-------
Melee: Short sword       |   140 |    40 |    85 ||   265
       Constrict         |    12 |    11 |    18 ||    41
       Tentacles         |    28 |     5 |    16 ||    49
       Unarmed           |     2 |       |       ||     2
 Cast: Magic Dart        |    13 |   119 |    78 ||   210
       Iskenderun's Myst |       |     4 |    40 ||    44
       Iskenderun's Batt |       |       |     3 ||     3
  Use: Scroll            |       |       |     1 ||     1
 Stab: Sleeping          |     4 |     1 |     2 ||     7
  Eat: Chunk             |     3 |     8 |    15 ||    26
       Beef jerky        |       |       |     1 ||     1
Armor: Skin              |     1 |     1 |     6 ||     8
Dodge: Dodged            |    31 |    39 |    75 ||   145
